CAL
INLAND EMPIRE 66ERS @ MODESTO NUTS
06/18/2099
 
TOP OF THE 1ST
Inland Empire 66ers batting - Pitching for Modesto Nuts : RHP Miles Plunkett
Pitching: RHP Miles Plunkett
Batting: RHB Chris Kuhn 0-0: Ball
1-0: Called Strike
1-1: Swinging Strike
1-2: Ball
2-2: Ball
3-2: Strikes out swinging
Batting: LHB Adrian Ellis 0-0: Ground out 5-3 (Groundball, 56, EV 106.9 MPH)
Batting: LHB Matt Cohen 0-0: Ball
1-0: Ball
2-0: Foul Ball, location: 9LSFF
2-1: Foul Ball, location: 2F
2-2: Strikes out swinging
Top of the 1st over - 0 runs, 0 hits, 0 errors, 0 left on base; Inland Empire 0 - Modesto 0
BOTTOM OF THE 1ST
Modesto Nuts batting - Pitching for Inland Empire 66ers : RHP Ron Goodyear
Pitching: RHP Ron Goodyear
Batting: SHB John Hardy 0-0: Ball
1-0: Called Strike
1-1: Fly out, F6 (Popup, 6M, EV 55.0 MPH)
Batting: RHB Jason Samples 0-0: Foul Ball, location: 2F
0-1: Ball
1-1: Ball
2-1: Ball
3-1: Base on Balls
Batting: RHB Hector Machuca 0-0: Fly out, F9 (Flyball, 89D, EV 100.6 MPH)
Batting: LHB Matt Fahey 0-0: Ball
Jason Samples is caught stealing 2nd base 2-6
Bottom of the 1st over - 0 runs, 0 hits, 0 errors, 0 left on base; Inland Empire 0 - Modesto 0
TOP OF THE 2ND
Inland Empire 66ers batting - Pitching for Modesto Nuts : RHP Miles Plunkett
Batting: LHB Bill Friedman 0-0: Ball
1-0: Fly out, F6 (Popup, 6, EV 78.1 MPH)
Batting: SHB Guy Epperson 0-0: Ball
1-0: Swinging Strike
1-1: Ball
2-1: Ball
3-1: Hit by Pitch
Batting: LHB Josh Walker 0-0: Ball
1-0: Ball
2-0: SINGLE (Line Drive, 6M, EV 95.0 MPH)
Guy Epperson to second
Batting: RHB Arturo Ramirez 0-0: Called Strike
0-1: Swinging Strike
0-2: Foul Ball, location: 3DF
0-2: Ball
1-2: Strikes out swinging
Batting: LHB Jamel Adams 0-0: Called Strike
0-1: Ball
1-1: Ground out 4-3 (Groundball, 4, EV 81.9 MPH)
Top of the 2nd over - 0 runs, 1 hit, 0 errors, 2 left on base; Inland Empire 0 - Modesto 0
BOTTOM OF THE 2ND
Modesto Nuts batting - Pitching for Inland Empire 66ers : RHP Ron Goodyear
Batting: LHB Matt Fahey 0-0: Foul Ball, location: 5F
0-1: Fly out, F9 (Flyball, 9LD, EV 81.9 MPH)
Batting: RHB Jorge Jacobo 0-0: Ground out 1-3 (Groundball, 13S, EV 66.3 MPH)
Batting: RHB Bryan Renner 0-0: Called Strike
0-1: Hit by Pitch
Batting: RHB Miguel Contreras 0-0: Ball
1-0: Foul Ball, location: 2F
1-1: Called Strike
1-2: Foul Ball, location: 23F
1-2: Ball
2-2: Foul Ball, location: 3DF
2-2: Ball
3-2: Ground out 5-3 (Groundball, 56, EV 96.3 MPH)
Bottom of the 2nd over - 0 runs, 0 hits, 0 errors, 1 left on base; Inland Empire 0 - Modesto 0
TOP OF THE 3RD
Inland Empire 66ers batting - Pitching for Modesto Nuts : RHP Miles Plunkett
Batting: RHB Rodolfo Garcia 0-0: Ball
1-0: Called Strike
1-1: Swinging Strike
1-2: Ball
2-2: Foul Ball, location: 23F
2-2: Strikes out looking
Batting: RHB Chris Kuhn 0-0: Fly out, F7 (Flyball, 78S, EV 96.9 MPH)
Batting: LHB Adrian Ellis 0-0: Ball
1-0: Ball
2-0: Ball
3-0: Called Strike
3-1: Base on Balls
Batting: LHB Matt Cohen 0-0: Ball
1-0: Ball
2-0: Called Strike
2-1: Ball
3-1: Ground out U3 (Groundball, 3S, EV 87.5 MPH)
Top of the 3rd over - 0 runs, 0 hits, 0 errors, 1 left on base; Inland Empire 0 - Modesto 0
BOTTOM OF THE 3RD
Modesto Nuts batting - Pitching for Inland Empire 66ers : RHP Ron Goodyear
Batting: RHB Alexis Cruz 0-0: Ball
1-0: Ball
2-0: Ball
3-0: Foul Ball, location: 5DF
3-1: SINGLE (Flyball, 89S, EV 89.4 MPH)
Batting: RHB Esteban Galante 0-0: Sac Bunt to 2L - play at first, batter OUT! 2-3
Alexis Cruz to second
Batting: SHB John Hardy 0-0: Foul Ball, location: 7LSF
0-1: Foul Ball, location: 7LDF
0-2: Ball
1-2: Fly out, F3 (Popup, 3SF, EV 85.6 MPH)
Batting: RHB Jason Samples 0-0: Called Strike
0-1: Ball
1-1: Ball
2-1: Ball
3-1: Fly out, F8 (Line Drive, 78M, EV 88.8 MPH)
Bottom of the 3rd over - 0 runs, 1 hit, 0 errors, 1 left on base; Inland Empire 0 - Modesto 0
TOP OF THE 4TH
Inland Empire 66ers batting - Pitching for Modesto Nuts : RHP Miles Plunkett
Batting: LHB Bill Friedman 0-0: Called Strike
0-1: Ball
1-1: Fly out, F8 (Flyball, 78D, EV 88.8 MPH)
Batting: SHB Guy Epperson 0-0: Ball
1-0: Called Strike
1-1: Called Strike
1-2: Fly out, F8 (Line Drive, 8LD, EV 86.9 MPH)
Batting: LHB Josh Walker 0-0: Foul Ball, location: 3F
0-1: Swinging Strike
0-2: Strikes out swinging
Top of the 4th over - 0 runs, 0 hits, 0 errors, 0 left on base; Inland Empire 0 - Modesto 0
BOTTOM OF THE 4TH
Modesto Nuts batting - Pitching for Inland Empire 66ers : RHP Ron Goodyear
Batting: RHB Hector Machuca 0-0: Ball
1-0: Foul Ball, location: 9LMF
1-1: Ball
2-1: Swinging Strike
2-2: Ground out 5-3 (Groundball, 5, EV 109.4 MPH)
Batting: LHB Matt Fahey 0-0: Foul Ball, location: 2LF
0-1: Called Strike
0-2: Strikes out swinging
Batting: RHB Jorge Jacobo 0-0: Called Strike
0-1: Swinging Strike
0-2: Fly out, F7 (Flyball, 7LS, EV 91.3 MPH)
Bottom of the 4th over - 0 runs, 0 hits, 0 errors, 0 left on base; Inland Empire 0 - Modesto 0
TOP OF THE 5TH
Inland Empire 66ers batting - Pitching for Modesto Nuts : RHP Miles Plunkett
Batting: RHB Arturo Ramirez 0-0: Ball
1-0: Called Strike
1-1: Swinging Strike
1-2: Strikes out swinging
Batting: LHB Jamel Adams 0-0: Ball
1-0: Called Strike
1-1: Foul Ball, location: 7LSF
1-2: Ball
2-2: Ball
3-2: Base on Balls
Batting: RHB Rodolfo Garcia 0-0: Called Strike
0-1: Swinging Strike
0-2: Grounds into double play, 6-4-3 (Groundball, 6, EV 100.0 MPH)
Top of the 5th over - 0 runs, 0 hits, 0 errors, 0 left on base; Inland Empire 0 - Modesto 0
BOTTOM OF THE 5TH
Modesto Nuts batting - Pitching for Inland Empire 66ers : RHP Ron Goodyear
Batting: RHB Bryan Renner 0-0: Fly out, F9 (Flyball, 9LM, EV 88.8 MPH)
Batting: RHB Miguel Contreras 0-0: Swinging Strike
0-1: Foul Ball, location: 5SF
0-2: Strikes out looking
Batting: RHB Alexis Cruz 0-0: Foul Ball, location: 2F
0-1: SINGLE (Groundball, 34D, EV 110.0 MPH)
Batting: RHB Esteban Galante 0-0: Foul Ball, location: 2F
0-1: Foul Ball, location: 23F
0-2: Ball
1-2: Fielders Choice at 2nd, 6-4 (Groundball, 6, EV 105.0 MPH)
Bottom of the 5th over - 0 runs, 1 hit, 0 errors, 1 left on base; Inland Empire 0 - Modesto 0
TOP OF THE 6TH
Inland Empire 66ers batting - Pitching for Modesto Nuts : RHP Miles Plunkett
Batting: RHB Chris Kuhn 0-0: Called Strike
0-1: SINGLE (Groundball, 56, EV 101.9 MPH)
Batting: LHB Adrian Ellis 0-0: Fielders Choice at 2nd, 4-6 (Groundball, 4, EV 87.5 MPH)
Batting: LHB Matt Cohen 0-0: Foul Ball, location: 23F
0-1: Ball
1-1: Fielders Choice at 2nd, 1-6 (Groundball, 13S, EV 63.1 MPH)
Batting: LHB Bill Friedman 0-0: Ball
1-0: Ball
2-0: Ball
3-0: Called Strike
3-1: Fly out, F8 (Flyball, 8LD, EV 105.0 MPH)
Top of the 6th over - 0 runs, 1 hit, 0 errors, 1 left on base; Inland Empire 0 - Modesto 0
BOTTOM OF THE 6TH
Modesto Nuts batting - Pitching for Inland Empire 66ers : RHP Ron Goodyear
Batting: SHB John Hardy 0-0: Called Strike
0-1: Foul Ball, location: 7LSF
0-2: SINGLE (Flyball, 9LS, EV 86.9 MPH)
Batting: RHB Jason Samples 0-0: Ball
1-0: Swinging Strike
1-1: Bunted foul
1-2: SINGLE (Groundball, 5L, EV 104.4 MPH)
John Hardy to second
Batting: RHB Hector Machuca 0-0: Grounds into double play, 5-4-3 (Groundball, 56, EV 84.4 MPH)
John Hardy to third
Batting: LHB Matt Fahey 0-0: Ball
1-0: Ball
2-0: Called Strike
2-1: Ground out 5-3 (Groundball, 5L, EV 82.5 MPH)
Bottom of the 6th over - 0 runs, 2 hits, 0 errors, 1 left on base; Inland Empire 0 - Modesto 0
TOP OF THE 7TH
Inland Empire 66ers batting - Pitching for Modesto Nuts : RHP Miles Plunkett
Batting: SHB Guy Epperson 0-0: Fly out, F8 (Flyball, 8RD, EV 110.0 MPH)
Batting: LHB Josh Walker 0-0: Foul Ball, location: 2LF
0-1: Called Strike
0-2: Foul Ball, location: 2F
0-2: Foul Ball, location: 2F
0-2: Ball
1-2: Ball
2-2: Ball
3-2: Foul Ball, location: 2F
3-2: SINGLE (Line Drive, 6M, EV 94.4 MPH)
Pitching: RHP Kyle Clark
Batting: RHB Arturo Ramirez 0-0: Called Strike
0-1: Ball
1-1: Ball
2-1: Foul Ball, location: 25F
2-2: Ball
3-2: Fly out, F9 (Flyball, 9, EV 83.1 MPH)
Batting: LHB Jamel Adams 0-0: Called Strike
Josh Walker steals 2nd base
0-1: Fly out, F1 (Popup, 15, EV 88.8 MPH)
Top of the 7th over - 0 runs, 1 hit, 0 errors, 1 left on base; Inland Empire 0 - Modesto 0
BOTTOM OF THE 7TH
Modesto Nuts batting - Pitching for Inland Empire 66ers : RHP Ron Goodyear
Batting: RHB Jorge Jacobo 0-0: Ball
1-0: SINGLE (Groundball, 6, EV 101.9 MPH) (infield hit)
Batting: RHB Bryan Renner 0-0: Called Strike
0-1: Called Strike
0-2: Ball
1-2: 2-RUN HOME RUN (Flyball, 7D, EV 96.3 MPH), Distance : 348 ft
Batting: RHB Miguel Contreras 0-0: Swinging Strike
0-1: Ball
1-1: Swinging Strike
1-2: Fly out, F8 (Flyball, 8LD, EV 101.3 MPH)
Batting: RHB Alexis Cruz 0-0: Ball
1-0: Ball
2-0: SINGLE (Groundball, 34D, EV 96.9 MPH)
Batting: RHB Esteban Galante 0-0: Foul Ball, location: 23F
0-1: Foul Ball, location: 23F
0-2: Foul Ball, location: 9LMF
0-2: Fly out, F8 (Flyball, 8LD, EV 84.4 MPH)
Batting: SHB John Hardy 0-0: Foul Ball, location: 2F
0-1: Called Strike
0-2: SINGLE (Groundball, 4MD, EV 93.8 MPH)
Alexis Cruz to second
Runner from 2nd tries for 3rd, SAFE, throw by CF made to third
Batting: RHB Jason Samples 0-0: Ball
1-0: Swinging Strike
1-1: Ball
2-1: Fly out, F7 (Flyball, 7, EV 91.3 MPH)
Bottom of the 7th over - 2 runs, 4 hits, 0 errors, 2 left on base; Inland Empire 0 - Modesto 2
TOP OF THE 8TH
Inland Empire 66ers batting - Pitching for Modesto Nuts : RHP Kyle Clark
Pitching: RHP Chris Stevens
Pinch Hitting: LHB Jonathan Bartolo 0-0: Ground out 6-3 (Groundball, 6, EV 78.8 MPH)
Batting: RHB Chris Kuhn 0-0: Swinging Strike
0-1: Ground out 6-3 (Groundball, 6, EV 83.1 MPH)
Batting: LHB Adrian Ellis 0-0: Called Strike
0-1: Foul Ball, location: 3F
0-2: Ball
1-2: Strikes out looking
Top of the 8th over - 0 runs, 0 hits, 0 errors, 0 left on base; Inland Empire 0 - Modesto 2
BOTTOM OF THE 8TH
Modesto Nuts batting - Pitching for Inland Empire 66ers : RHP Ron Goodyear
Pitching: RHP Rich Velez
Now at 2B: Danny Jester
Now at SS: Matt Cohen
Batting: RHB Hector Machuca 0-0: SINGLE (Flyball, 8LS, EV 86.3 MPH)
Batting: LHB Matt Fahey 0-0: Ball
1-0: Foul Ball, location: 2F
1-1: DOUBLE (Line Drive, 89D, EV 97.5 MPH)
Hector Machuca to third
Batting: RHB Jorge Jacobo 0-0: Foul Ball, location: 3SF
0-1: Ball
1-1: Foul Ball, location: 2F
1-2: Foul Ball, location: 2F
1-2: Foul Ball, location: 2F
1-2: Ball
2-2: Foul Ball, location: 7LMF
2-2: Foul Ball, location: 9LMF
2-2: Foul Ball, location: 2F
2-2: Ground out 2-3 (Groundball, 2L, EV 69.4 MPH)
Batting: RHB Bryan Renner 0-0: Intentional Walk
Batting: RHB Miguel Contreras 0-0: Swinging Strike
0-1: Ball
1-1: Foul Ball, location: 2F
1-2: Fly out, F8 (Flyball, 78M, EV 95.6 MPH)
Runner from 3rd tags up, OUT at HOME! 8-2
Bottom of the 8th over - 0 runs, 2 hits, 0 errors, 2 left on base; Inland Empire 0 - Modesto 2
TOP OF THE 9TH
Inland Empire 66ers batting - Pitching for Modesto Nuts : RHP Chris Stevens
Now in LF: Evan Hood
Now in RF: Victor Urena
Batting: LHB Matt Cohen 0-0: Ball
1-0: Called Strike
1-1: Foul Ball, location: 2F
1-2: Ground out 5-3 (Groundball, 56, EV 78.8 MPH)
Batting: LHB Bill Friedman 0-0: Ball
1-0: Called Strike
1-1: Swinging Strike
1-2: Strikes out swinging
Batting: SHB Guy Epperson 0-0: Ball
1-0: Ball
2-0: Ball
3-0: Called Strike
3-1: Base on Balls
Batting: LHB Josh Walker 0-0: Called Strike
0-1: Ball
1-1: Ball
2-1: Called Strike
2-2: Foul Ball, location: 2F
2-2: Ball
3-2: SINGLE (Line Drive, 8RS, EV 93.1 MPH)
Guy Epperson to second
Guy Epperson to third
Pinch Hitting: SHB Francisco Martinez 0-0: Ball
1-0: Foul Ball, location: 2F
1-1: Ball
2-1: Fly out, F7 (Flyball, 78M, EV 93.1 MPH)
Top of the 9th over - 0 runs, 1 hit, 0 errors, 2 left on base; Inland Empire 0 - Modesto 2
Thursday, May 9th , 2024 - OOTP Baseball 24.11 Build 85